 Dungeon Crawl Stone Soup version 0.30-a0-1163-gf69bf04e7a (webtiles) character file.

Game seed: 4629702970991313208

201 themarg the Caller (level 5, -4/35 HPs)
             Began as a Merfolk Summoner on Apr 28, 2023.
             Killed by nerve-wracking pain
             ... invoked by an orc priest
              (12 damage)
             ... on level 4 of the Dungeon.
             The game lasted 00:07:00 (3952 turns).

themarg the Caller (Merfolk Summoner)               Turns: 3952, Time: 00:07:00

Health: -4/35      AC:  3    Str:  9    XL:     5   Next: 79%
Magic:  3/8        EV: 12    Int: 16    God:
Gold:   234        SH:  0    Dex: 14    Spells: 2/8 levels left

rFire   . . .        r - +0 spear
rCold   . . .        (no shield)
rNeg    . . .        a - +0 robe
rPois   .            (no helmet)
rElec   .            (no cloak)
rCorr   .            g - +0 pair of gloves
SInv    .            (no boots)
Will    .....        (no amulet)
Stlth   ++           (no ring)
HPRegen 0.25/turn    (no ring)
MPRegen 0.11/turn

%: no passive effects
@: no status effects
A: (nimble swimmer 2), mertail
a: no special abilities


You were on level 4 of the Dungeon.
You visited 1 branch of the dungeon, and saw 4 of its levels.

You collected 234 gold pieces.

Inventory:

Hand Weapons
 d - a +0 short sword
 r - a +0 spear (weapon)
Missiles
 c - 42 stones
Armour
 a - a +0 robe (worn)
 g - a +0 pair of gloves (worn)
 s - a scarf of shadows
Scrolls
 e - 3 scrolls of identify {unknown}
 f - a scroll of vulnerability {unknown}
 h - a scroll of amnesia {unknown}
 i - a scroll of enchant weapon {unknown}
 k - 3 scrolls of immolation {unknown}
 l - a scroll of acquirement {unknown}
 m - a scroll of fear {unknown}
 n - a scroll of magic mapping {unknown}
 q - 3 scrolls of teleportation {unknown}
Potions
 b - 2 potions of magic
 j - a potion of degeneration {unknown}
 o - a potion of flight {unknown}
 p - a potion of heal wounds {unknown}
 t - a potion of might {unknown}


   Skills:
 - Level 2.6 Dodging
 - Level 2.1 Stealth
 - Level 2.0 Spellcasting
 + Level 6.8 Summonings


You had 2 spell levels left.
You knew the following spells:

 Your Spells              Type           Power      Damage    Failure   Level
a - Summon Small Mammal   Summ           92%        N/A       1%          1
b - Call Imp              Summ           46%        N/A       1%          2
c - Call Canine Familiar  Summ           23%        N/A       3%          3

Your spell library contained the following spells:

 Spells                   Type           Power      Damage    Failure   Level
 Slow                     Hex            4%         N/A       21%         1
 Summon Guardian Golem    Hex/Summ       12%        N/A       16%         3
 Summon Lightning Spire   Summ/Air       12%        N/A       45%         4
 Confusing Touch          Hex            1%         N/A       52%         3
 Vampiric Draining        Necr           1%         2d6       52%         3


Dungeon Overview and Level Annotations

Branches:
Dungeon (4/15)
 Temple: D:4-7

Altars:
Gozag
Okawaru
Yredelemnul


Innate Abilities, Weirdness & Mutations

((You are very nimble when in or above water. (Stealth+, EV+, Speed+++)))
Your lower body shifts to a powerful aquatic tail in water.


Message History

Your cerulean imp closely misses the orc priest.
Your bat hits the orc priest.
You hit the orc priest but do no damage.
The orc priest is heavily wounded.
Your bat barely misses the orc priest.
Your hound bites the orc priest but does no damage.
The orc priest hits you with a +0 whip.
Your cerulean imp hits the orc priest but does no damage.
Your hound bites the orc priest but does no damage.
You hit the orc priest but do no damage.
The orc priest is heavily wounded.
Your bat hits the orc priest but does no damage.
Your hound bites the orc priest but does no damage.
The orc priest closely misses you.
Your cerulean imp hits the orc priest but does no damage.
The orc priest closely misses you.
Your hound barely misses the orc priest.
You barely miss the orc priest.
The orc priest is heavily wounded.
Your bat hits the orc priest but does no damage.
Your cerulean imp hits the orc priest from afar with a -2 spear.
Your hound closely misses the orc priest.
The orc priest barely misses you.
Your cerulean imp hits the orc priest but does no damage.
You catch the helpless orc priest completely off-guard!
You hit the orc priest.
The orc priest is severely wounded.
Your bat hits the orc priest but does no damage.
Your hound bites the orc priest but does no damage.
Your hound completely misses the orc priest.
The orc priest hits you with a +0 whip!
* * * LOW HITPOINT WARNING * * *
Your cerulean imp barely misses the orc priest.
You hit the orc priest but do no damage.
The orc priest is severely wounded.
Your hound barely misses the orc priest.
Your bat hits the orc priest but does no damage.
The orc priest calls down the wrath of Beogh upon you.
Pain shoots through your body!
You die...

....#..............#...#...####..
.....................###...# ###
....................## #..#####.
#..................## #..##....
#..................# #........
...................# #........
...............5...# ##....####
...................# ##....##
...............o@..####.....#
...............hb...##.....## #.
............................###..
............................##...
.....).............##...........#
...................##..........#
....................##.........##
.....................#..........#
.........##......................


You could see an orc priest (ally target), a friendly hound (summoned), a
friendly cerulean imp (summoned) and a friendly bat (summoned).

Vanquished Creatures
  A gnoll (D:3)
  A worm (D:4)
  A bat (D:1)
  An endoplasm (D:2)
  A goblin (D:1)
  3 hobgoblins
  A quokka (D:1)
  A ball python (D:1)
  A frilled lizard (D:2)
  A rat (D:1)
12 creatures vanquished.

Vanquished Creatures (collateral kills)
  2 orc priests
  4 adders
  2 gnolls (D:3)
  An ufetubus (D:4)
  A dart slug (D:2)
  4 orcs
  5 ball pythons
  5 endoplasms
  2 giant cockroaches
  6 goblins
  5 hobgoblins
  2 quokkas (D:4)
  2 bats
  3 frilled lizards
  6 kobolds
  2 rats (D:2)
52 creatures vanquished.

Vanquished Creatures (others)
  4 demonic plants (D:2)
  8 plants (D:2)
  2 withered plants (D:2)
14 creatures vanquished.

Grand Total: 78 creatures vanquished

Notes
Turn   | Place    | Note
-------+----------+-------------------------------------------
     0 | D:1      | themarg the Merfolk Summoner began the quest for the Orb.
     0 | D:1      | Reached XP level 1. HP: 13/13 MP: 3/3
   383 | D:1      | Reached XP level 2. HP: 19/19 MP: 1/5
   386 | D:1      | Learned a level 2 spell: Call Imp
  1064 | D:2      | Reached XP level 3. HP: 24/24 MP: 1/6
  1068 | D:2      | Learned a level 3 spell: Call Canine Familiar
  1117 | D:2      | Found a faded altar of an unknown god.
  1129 | D:2      | Reached skill level 5 in Summonings
  2005 | D:3      | Reached XP level 4. HP: 30/30 MP: 0/7
  2262 | D:3      | Reached skill level 6 in Summonings
  2452 | D:3      | Reached XP level 5. HP: 35/35 MP: 1/8
  2841 | D:3      | You fall into a shaft and drop 1 floor!
  2892 | D:4      | Found an iron altar of Okawaru.
  3167 | D:4      | Found a basalt altar of Yredelemnul.
  3254 | D:4      | Found an opulent altar of Gozag.
  3952 | D:4      | Killed from afar by an orc priest

Illustrated notes

Levels and vault maps discovered:
D:1:      amcnicky_arrival_double_pillar, layout_basic
D:2:      layout_rooms, shapermc_ecumenical_altar_gd, minmay_door_square,
          serial_bayou_lagoon_b
D:3:      layout_rooms
D:4:      layout_layer_cave, lemuel_tele_altar,
          mainiacjoe_overflow_concentric_impassable, grunt_gozag_breadcrumbs

Skill      XL: |  1  2  3  4 |
---------------+-------------+-----
Summonings     | 5 6 |  6.8
Dodging        | |  2.6
Stealth        | |  2.1
Spellcasting   | |  2.0

Action                     |  1- 3 |  4- 6 || total
---------------------------+-------+-------++-------
  Melee: Short sword       |    44 |    10 ||    54
         Punch             |     2 |       ||     2
         Spear             |       |    29 ||    29
   Cast: Summon Small Mamm |    50 |    17 ||    67
         Call Imp          |     6 |    13 ||    19
         Call Canine Famil |     2 |    11 ||    13
   Stab: Distracted        |     2 |     1 ||     3
 Armour: Robe              |     9 |     9 ||    18
  Dodge: Dodged            |    37 |    28 ||    65

Table legend: (Time is in decaauts)
 A = Elapsed time spent in this place.
 B = Non-inter-level travel time spent in this place.
 C = Inter-level travel time spent in this place.
 D = Time resting spent in this place.
 E = Time spent auto-exploring this place.
 F = Levels seen in this place.
 G = Mean time per level.
                   A        B        C        D        E       F      G
               +--------+--------+--------+--------+--------+-----+--------+
         Total |   3928 |   3855 |     73 |    320 |   2909 |   4 |  982.0 |
       Dungeon |   3928 |   3855 |     73 |    320 |   2909 |   4 |  982.0 |
               +--------+--------+--------+--------+--------+-----+--------+

Top non-repeatable levels by time:
     D:1: 1054 daAuts
     D:2: 1018 daAuts
     D:3: 929 daAuts
     D:4: 925 daAuts
